 Dungeon Crawl Stone Soup version 0.18.1-50-g88ac8fd (webtiles) character file.

2418 magog001 the Blocker (level 9, -3/82 HPs)
             Began as a Minotaur Fighter on Jan 30, 2018.
             Slain by an unseen horror (9 damage)
             ... on level 6 of the Dungeon on Feb 1, 2018.
             The game lasted 00:37:17 (6908 turns).

magog001 the Blocker (Minotaur Fighter)             Turns: 6908, Time: 00:37:18

Health: -3/82      AC: 10    Str: 23 (24) XL:     9   Next: 24%
Magic:  8/8        EV:  9    Int:  4 (5)  God:
Gold:   382        SH: 11    Dex:  9 (10) Spells: 0 memorised, 8 levels left

rFire  x . .     SeeInvis .     x - +3 flail
rCold  + . .     Gourm    .     D - +3 ring mail
rNeg   . . .     Faith    .     c - +0 shield
rPois  .         Spirit   .     (helmet restricted)
rElec  .         Dismiss  .     (no cloak)
rCorr  .         Reflect  .     (no gloves)
SustAt +         Harm     .     b - +0 pair of boots
MR     .....                    (no amulet)
Stlth  +.........               C - ring of ice
                                w - ring of sustain attributes

@: not resistant to hostile enchantments, very unstealthy
A: retaliatory headbutt, horns 2
a: no special abilities


You were on level 6 of the Dungeon.
You were not hungry.

You visited 1 branch of the dungeon, and saw 7 of its levels.

You collected 382 gold pieces.

Inventory:

Hand Weapons
 x - a +3 flail (weapon)
Missiles
 m - 28 poisoned needles
 s - 66 sling bullets
Armour
 b - a +0 pair of boots (worn)
 c - a +0 shield (worn)
 D - a +3 ring mail (worn)
Jewellery
 w - a ring of sustain attributes (left hand)
 C - a ring of ice (right hand)
Wands
 r - a wand of digging (3/24)
 t - a wand of iceblast (11/15)
 u - a wand of lightning (4/15)
 v - a wand of paralysis (9/24)
 E - a wand of teleportation (5/9)
Scrolls
 h - a scroll of identify
 j - a scroll of fear {unknown}
 p - 3 scrolls of remove curse
 q - a scroll of blinking {unknown}
 y - 2 scrolls of magic mapping
Potions
 a - a potion of agility {unknown}
 e - a potion of haste
 g - a potion of heal wounds {unknown}
 i - a potion of flight {unknown}
 k - a potion of degeneration
 z - 2 potions of lignification
Comestibles
 d - 4 chunks of flesh
 f - 2 meat rations
 o - a bread ration


   Skills:
 * Level 8.4 Fighting
   Level 4.3(6.1) Axes
 * Level 5.0(5.7) Maces & Flails
   Level 4.0(4.9) Polearms
 + Level 7.1 Armour
 + Level 1.1 Stealth
 + Level 8.8 Shields
 + Level 0.1 Evocations


You had 8 spell levels left.
You didn't know any spells.

Dungeon Overview and Level Annotations

Branches:
Dungeon (7/15)             Temple (0/1) D:4

Altars:
Cheibriados
Makhleb
Sif Muna


Innate Abilities, Weirdness & Mutations

You reflexively headbutt those who attack you in melee.
You have a pair of horns on your head.


Message History

You feel better. Something hits you but does no damage.
Drink which item? (? for menu, Esc to quit)
It was a potion of cancellation.
Your magical effects are unravelling.
You feel magically purged. Something hits you but does no damage.
Drink which item? (? for menu, Esc to quit)
It was a potion of magic.
Magic courses through your body.
You feel less woody.
Your +0 pair of boots unmelds from your body.
Your +3 ring mail unmelds from your body.
Something hits you.
* * * LOW HITPOINT WARNING * * *
Something hits you.
* * * LOW HITPOINT WARNING * * *
You completely miss something. You headbutt something. Something hits you.
* * * LOW HITPOINT WARNING * * *
Something hits you.
* * * LOW HITPOINT WARNING * * *
You sock something! Something hits you!
You die...

..#
#.......#.......####.#.#
..#
#......##.......'....#.#
..#
#......##.......######.#
..#
#......###'###..#<.....#
..#
#......##.........######
..# #......##.........#
### #########.........#
# ############'#### #
......)@...#.# #
......#(...#.# # ....)
#....#.# # .... #....#.#
# ... #....#.# # ..
#...)#.# # . #....#.# #
#....#.# # #....#.#
######


There were no monsters in sight!

Vanquished Creatures
  Sigmund (D:2)
  A necrophage (D:7)
  2 orc warriors (D:6)
  A sky beast (D:7)
  2 ogres
  5 centaurs
  2 giant frogs
  A jelly (D:5)
  4 crimson imps
  A centaur zombie (D:5)
  3 hounds
  9 orc wizards
  4 orc priests
  Ijyb (D:2)
  2 worker ants
  Natasha (thrice) (D:3)
  2 iguanas (D:6)
  Robin (D:2)
  8 adders
  11 gnolls
  2 shadow imps (D:5)
  An ooze (D:2)
  An adder skeleton (D:7)
  3 worms
  5 dart slugs
  4 giant geckos
  22 orcs
  4 giant cockroaches
  12 goblins
  11 hobgoblins
  4 jackals
  7 kobolds
  A quokka (D:6)
  2 ball pythons
  9 bats
  A giant gecko skeleton (D:5)
  4 giant newts
  3 rats (D:1)
160 creatures vanquished.

Notes
Turn   | Place    | Note
--------------------------------------------------------------
     0 | D:1      | magog001 the Minotaur Fighter began the quest for the Orb.
     0 | D:1      | Reached XP level 1. HP: 19/19 MP: 0/0
   277 | D:1      | Reached XP level 2. HP: 24/27 MP: 1/1
   840 | D:2      | Noticed Ijyb
   855 | D:2      | Killed Ijyb
   855 | D:2      | Reached XP level 3. HP: 27/33 MP: 2/2
   949 | D:2      | Noticed Robin
   977 | D:2      | Killed Robin
   977 | D:2      | Reached XP level 4. HP: 22/41 MP: 3/3
  1016 | D:2      | Noticed Sigmund
  1024 | D:2      | Killed Sigmund
  1024 | D:2      | Reached skill level 5 in Armour
  1024 | D:2      | Reached skill level 5 in Shields
  1024 | D:2      | Reached XP level 5. HP: 28/47 MP: 4/4
  1377 | D:2      | Reached skill level 5 in Fighting
  1553 | D:2      | Reached XP level 6. HP: 51/56 MP: 5/5
  2043 | D:3      | Found a faded altar to an unknown god.
  2321 | D:3      | Noticed Natasha
  2334 | D:3      | Killed Natasha
  2615 | D:3      | Noticed Natasha
  2626 | D:3      | Killed Natasha
  2656 | D:3      | Noticed Natasha
  2658 | D:3      | Killed Natasha
  3121 | D:4      | Found a snail-covered altar of Cheibriados.
  3212 | D:4      | Found a staircase to the Ecumenical Temple.
  3342 | D:4      | Found a deep blue altar of Sif Muna.
  3706 | D:4      | Reached XP level 7. HP: 39/61 MP: 6/6
  3723 | D:4      | Reached skill level 1 in Polearms
  4141 | D:5      | Entered Level 5 of the Dungeon
  4665 | D:5      | Reached XP level 8. HP: 71/71 MP: 7/7
  4903 | D:6      | Paralysed by an orc warrior for 7 turns
  5465 | D:6      | Found a burning altar of Makhleb.
  6338 | D:7      | Reached skill level 1 in Maces & Flails
  6379 | D:7      | Reached skill level 1 in Stealth
  6613 | D:6      | Reached XP level 9. HP: 61/81 MP: 8/8
  6896 | D:6      | Reached skill level 5 in Maces & Flails
  6908 | D:6      | Slain by an unseen horror

Skill      XL: |  1  2  3  4  5  6  7  8  9 |
---------------+----------------------------+-----
Shields        | 4 5 6 7 8 |  8.8
Fighting       | 4 5 6 8 |  8.4
Armour         | 4 5 6 7 |  7.1
Axes           | 3 4 |  4.3
Polearms       | 3 4 |  4.0
Maces & Flails | 3 5 |  5.0
Stealth        | 1 |  1.1
Evocations     | |  0.1

Action                   |  1- 3 |  4- 6 |  7- 9 || total
-------------------------+-------+-------+-------++-------
Melee: War axe           |    56 |   125 |       ||   181
       Headbutt          |    12 |    30 |    53 ||    95
       Trident           |       |    22 |   140 ||   162
       Flail             |       |       |   134 ||   134
Evoke: Wand              |       |       |     2 ||     2
  Use: Scroll            |       |     9 |     3 ||    12
       Potion            |       |     2 |     9 ||    11
  Eat: Chunk             |       |     6 |     8 ||    14
       Bread ration      |       |     1 |       ||     1
       Beef jerky        |       |       |     2 ||     2
Armor: Scale mail        |    21 |    51 |       ||    72
       Ring mail         |       |     7 |   102 ||   109
       Skin              |       |       |    24 ||    24
Dodge: Dodged            |    19 |    45 |    94 ||   158
Block: Shield            |    32 |    66 |   175 ||   273
